 Dungeon Crawl Stone Soup version 0.24.0-1-gfbc8707 (webtiles) character file.

Game seed: 10858090365298180352, levelgen mode: deterministic

11755 TheDoctor the Fighter (level 11, 0/96 HPs)
             Began as an Octopode Transmuter on Nov 8, 2019.
             Was the Champion of Okawaru.
             Slain by an unseen horror (4 damage)
             ... on level 11 of the Dungeon.
             The game lasted 01:32:38 (22643 turns).

TheDoctor the Fighter (Octopode Transmuter)        Turns: 22643, Time: 01:32:39

Health: 0/96       AC:  7    Str: 11    XL:     11   Next: 82%
Magic:  12/17      EV: 13    Int: 17    God:    Okawaru [******]
Gold:   520        SH:  0    Dex: 17    Spells: 5/18 levels left

rFire    x . .     SeeInvis .     - Unarmed
rCold    + + +     Gourm    .   (shield currently unavailable)
rNeg     + . .     Faith    +   (helmet currently unavailable)
rPois    +         Spirit   .   k - amulet of faith
rElec    .         Reflect  .   e - +4 ring of dexterity
rCorr    .         Harm     .   s - ring of flight
MR       .....                  K - +1 ring of protection
Stlth    ++++......             H - ring of Bodily Harmony {rN+ Stlth+}
HPRegen  0.26/turn              (no ring)
MPRegen  0.15/turn              (no ring)
                                (no ring)
                                (no ring)

@: ice-form
A: large, almost no armour, stealthy swim, amphibious, 8 rings, (constrict 8)
a: End Transformation, Heroism, Finesse, Renounce Religion, Evoke Flight


You were on level 11 of the Dungeon.
You worshipped Okawaru.
Okawaru was exalted by your worship.
You were hungry.
You were a creature of crystalline ice.
You visited 2 branches of the dungeon, and saw 12 of its levels.
You also visited: Gauntlet.

You collected 624 gold pieces.
You spent 104 gold pieces at shops.

Inventory:

Hand Weapons
 m - the +9 hunting sling of the Apocalypse {venom, rF- Str+3 Stlth+}
   (You took it off a minotaur in a Gauntlet)

   It poisons the ammo it fires.
   It affects your strength (+3).
   It makes you vulnerable to fire.
   It makes you more stealthy.
Missiles
 a - 103 arrows
 h - 24 poisoned darts
 r - 288 stones
 v - 8 curare-tipped darts (quivered)
 A - 16 boomerangs
Armour
 t - a +0 large shield
 x - a +2 hat (melded)
 M - a +1 buckler of protection (melded)
Magical Staves
 b - an uncursed staff of fire {unknown}
Jewellery
 e - a +4 ring of dexterity (left front paw)
 f - an uncursed amulet of the gourmand
 k - an amulet of faith (around neck)
 p - an uncursed ring of ice
 s - a ring of flight (right front paw)
 H - the ring of Bodily Harmony (on tentacle) {rN+ Stlth+}
   (You found it in a Gauntlet)

   [ring of positive energy]

   It protects you from negative energy.
   It makes you more stealthy.
 K - a +1 ring of protection (on tentacle)
 N - the ring "Piala" {Str+2 Stlth-, unknown}
   (You found it in a Gauntlet)

   [ring of attention]

   It affects your strength (+2).
   It makes you less stealthy.
Wands
 j - a wand of paralysis (12)
 w - a wand of polymorph (6)
 I - a wand of random effects (11)
Scrolls
 d - 5 scrolls of remove curse
 g - 3 scrolls of amnesia
 l - 9 scrolls of teleportation
 n - 3 scrolls of enchant weapon
 o - 2 scrolls of fog
 G - 3 scrolls of magic mapping
 J - 2 scrolls of random uselessness {unknown}
 O - a scroll of enchant armour {unknown}
Potions
 i - 2 potions of flight
 q - 3 potions of resistance
 u - a potion of berserk rage {unknown}
 B - a potion of mutation {unknown}
 C - a potion of invisibility {unknown}
 D - a potion of might {unknown}
 F - a potion of agility {unknown}
 L - a potion of magic {unknown}
 P - a potion of experience {unknown}
Miscellaneous
 z - a lamp of fire (inert)
Comestibles
 c - 12 rations


   Skills:
 + Level 9.4 Fighting
 - Level 5.2 Dodging
 - Level 5.1 Stealth
 - Level 4.0 Shields
 - Level 5.1 Unarmed Combat
 - Level 4.1 Spellcasting
 - Level 5.1 Hexes
 + Level 9.1 Transmutations
 - Level 5.0 Ice Magic
 - Level 3.0 Poison Magic
 - Level 5.3 Evocations


You had 5 spell levels left.
You knew the following spells:

 Your Spells              Type           Power        Failure   Level  Hunger
a - Beastly Appendage     Tmut           ####..       1%          1    None
b - Sticks to Snakes      Tmut           ####....     1%          2    ##.....
c - Spider Form           Tmut/Pois      ###.......   3%          3    ###....
d - Ice Form              Ice/Tmut       ####....     9%          4    ####...
e - Confuse               Hex            ###.....     6%          3    ###....

Your spell library contained the following spells:

 Spells                   Type           Power        Failure   Level  Hunger
 Corona                   Hex            ###....      1%          1    None
 Ensorcelled Hibernation  Hex/Ice        ###...       3%          2    ##.....
 Tukima's Dance           Hex            ###.....     6%          3    ###....
 Blade Hands              Tmut           ####......   10%         5    ######.
 Sandblast                Erth           #.....       16%         1    None
 Dazzling Spray           Conj/Hex       ##....       16%         3    ###....


Dungeon Overview and Level Annotations

Branches:
Dungeon (11/15)            Temple (1/1) D:4            Lair (0/6) D:10
    Orc (0/2) D:9         Gauntlet (visited)

Altars:
Ashenzari
Cheibriados
Dithmenos
Elyvilon
Fedhas
Gozag
Hepliaklqana
Kikubaaqudgha
Makhleb
Nemelex Xobeh
Okawaru
Qazlal
Ru
Sif Muna
Trog
Uskayaw
Vehumet
Wu Jian
Xom
Yredelemnul
Zin
The Shining One
Beogh

Shops:
D:4 (?   D:5 *   D:9 [=[

Annotations:
D:3 exclusion: orc wizard, Grinder
D:5 2 transporters, frimble's ghost, novice OpGl
D:9 exclusion: door
D:10 exclusion: oklob plant


Innate Abilities, Weirdness & Mutations

You cannot wear most types of armour.
You are very stealthy in the water. (Stealth+)
You are amphibious.
You can wear up to eight rings at the same time.
((You can use your tentacles to constrict eight enemies at once.))
((Your skin changes colour to match your surroundings (Stealth+).))
((Your rubbery body absorbs attacks. (AC +1, EV +1)))


Message History

Something hits you!
* * * LOW HITPOINT WARNING * * *
Something hits you.
* * * LOW HITPOINT WARNING * * *
Okay, then.
Unknown command.
Unknown command.
Unknown command.
As you read the scroll of fog, it crumbles to dust.
The scroll dissolves into smoke.
Something barely misses your ball python.
Unknown command.
You closely miss something. Something hits you but does no damage.
Something hits you.
* * * LOW HITPOINT WARNING * * *
You punch something! You freeze something. Something hits you.
* * * LOW HITPOINT WARNING * * *
Something hits your adder!
You hit something. You freeze something. Something hits you.
You die...

*.# *,* #.# *,* ..#**.########
[............# #########
#####........####.......#
*........#........#.# ***
#####........#§§§§......####,*
....#*#.......§§§§..........,*
....#.........§SY{..<....##*,*
....#.........§SS§§...#.##**,*
....#.........§§§§#.......**,*
#######...........##..#.#.#*,*
#...........##..#.#,**,*
#...............#,#,,,,*
###***#.......#########,******
..≈≈,,,..%....,,,,,,,,>,*
≈≈≈≈≈≈≈≈≈≈....,*,******,**


You could see 2 friendly adders and a friendly ball python.

Vanquished Creatures
  A minotaur (Gauntlet)
  Fannar (D:11)
  A two-headed ogre (D:10)
  An unseen horror (D:10)
  A deep elf mage (D:10)
  Maurice (D:11)
  A gargoyle (D:10)
  4 trolls
  A hippogriff (D:11)
  A redback (Gauntlet)
  A spriggan (D:7)
  Sigmund (D:6)
  7 yaks
  A hungry ghost (D:9)
  A steam dragon (D:9)
  2 ice beasts (D:8)
  3 orc warriors
  3 sky beasts
  3 phantoms
  4 ogres
  7 centaurs
  A crocodile (D:8)
  2 wyvern zombies
  4 bullfrogs
  3 scorpions (D:6)
  6 killer bees
  4 wights
  3 howler monkeys
  2 electric eels (D:11)
  5 crimson imps
  2 hounds
  2 jellies
  2 centaur skeletons
  3 orc priests
  9 orc wizards
  2 bullfrog skeletons
  5 worker ants
  2 iguanas
  2 hound zombies
  A worker ant zombie (D:5)
  Robin (D:4)
  7 gnolls (D:7)
  12 adders
  2 river rats (D:5)
  2 oozes
  2 adder skeletons
  8 worms
  6 leopard geckos
  39 orcs
  5 giant cockroaches
  11 goblins
  8 hobgoblins
  11 jackals
  3 kobolds (D:3)
  6 quokkas
  5 ball pythons
  3 bats
  2 frilled lizards (D:2)
  A leopard gecko skeleton (D:8)
  2 quokka skeletons (D:5)
  7 rats
249 creatures vanquished.

Vanquished Creatures (collateral kills)
  Erolcha (D:11)
  A hippogriff (D:7)
  A necrophage (D:8)
  An ogre (D:4)
  2 wights
  2 bullfrog skeletons
  A worm (D:2)
  An orc (D:5)
10 creatures vanquished.

Vanquished Creatures (others)
  An electric eel (D:11)
1 creature vanquished.

Grand Total: 260 creatures vanquished

Notes
Turn   | Place    | Note
-------+----------+-------------------------------------------
     0 | D:1      | TheDoctor the Octopode Transmuter began the quest for the
                  | Orb.
     0 | D:1      | Reached XP level 1. HP: 13/13 MP: 3/3
    55 | D:1      | Reached skill level 1 in Stealth
   210 | D:1      | Reached XP level 2. HP: 10/18 MP: 5/5
  1138 | D:2      | Reached XP level 3. HP: 14/23 MP: 6/6
  1146 | D:2      | Learned a level 2 spell: Sticks to Snakes
  1150 | D:2      | Learned a level 3 spell: Spider Form
  1299 | D:2      | Found a sparkling altar of Nemelex Xobeh.
  1303 | D:2      | Found a basalt altar of Yredelemnul.
  1325 | D:2      | Found a snail-covered altar of Cheibriados.
  1335 | D:2      | Found a sacrificial altar of Ru.
  2249 | D:3      | Reached skill level 5 in Stealth
  2584 | D:3      | Reached XP level 4. HP: 28/28 MP: 3/7
  2900 | D:3      | Reached skill level 1 in Poison Magic
  3016 | D:3      | Noticed Grinder
  3703 | D:4      | Found Sazyobbo's Antique Weapon Shop.
  3744 | D:4      | Reached XP level 5. HP: 13/33 MP: 6/8
  4402 | D:4      | Noticed an orc warrior
  4860 | D:4      | Found Uggo's Magic Scroll Shoppe.
  4876 | D:4      | Bought a scroll of blinking for 82 gold pieces
  4877 | D:4      | Bought a scroll of fog for 22 gold pieces
  4988 | D:4      | Noticed Robin
  5036 | D:4      | Killed Robin
  5038 | D:4      | Reached skill level 1 in Shields
  5176 | D:4      | Noticed an ogre
  5218 | D:4      | Found a staircase to the Ecumenical Temple.
  5225 | Temple   | Entered the Ecumenical Temple
  5421 | Temple   | Became a worshipper of Warmaster Okawaru
  5910 | D:4      | Killed an ogre
  5910 | D:4      | Reached XP level 6. HP: 38/38 MP: 1/9
  6055 | D:4      | Found a shadowy altar of Dithmenos.
  6148 | D:5      | Entered Level 5 of the Dungeon
  6921 | D:5      | Found a transporter.
  6984 | D:5      | Found a transporter.
  6993 | D:5      | Reached * piety under Okawaru
  6993 | D:5      | Reached XP level 7. HP: 32/45 MP: 7/11
  6995 | D:5      | Noticed frimble's ghost (novice OpGl)
  7710 | D:5      | Found Ikue's General Store.
  8182 | D:5      | Noticed a wyvern
  8226 | D:5      | Learned a level 4 spell: Ice Form
  8887 | D:6      | Reached skill level 5 in Fighting
  8989 | D:6      | Reached ** piety under Okawaru
  8989 | D:6      | Reached XP level 8. HP: 53/55 MP: 8/12
  8997 | D:6      | Reached skill level 1 in Ice Magic
  9199 | D:6      | Noticed Sigmund
  9744 | D:6      | Killed Sigmund
 10153 | D:7      | Noticed a hippogriff
 10339 | D:7      | Killed a hippogriff
 10339 | D:7      | Reached *** piety under Okawaru
 10339 | D:7      | Reached skill level 5 in Dodging
 10576 | D:7      | Learned a level 3 spell: Confuse
 11728 | D:7      | Noticed a spriggan baker
 11739 | D:7      | Killed a spriggan baker
 11739 | D:7      | Reached XP level 9. HP: 54/62 MP: 8/13
 12586 | D:8      | Reached **** piety under Okawaru
 12865 | D:8      | Noticed a troll
 13220 | D:8      | Killed a troll
 13220 | D:8      | Reached skill level 5 in Transmutations
 13220 | D:8      | Reached skill level 5 in Ice Magic
 13504 | D:8      | Reached skill level 5 in Unarmed Combat
 13942 | D:8      | Paralysed by a centaur for 3 turns
 14001 | D:8      | Reached skill level 1 in Hexes
 14001 | D:8      | Reached skill level 1 in Evocations
 14055 | D:8      | Reached ***** piety under Okawaru
 14235 | D:8      | Reached XP level 10. HP: 67/68 MP: 8/16
 14536 | D:9      | Found Weqirun's Antique Armour Emporium.
 15373 | D:9      | Found Qedd's Armour Emporium.
 15804 | D:9      | Found a staircase to the Orcish Mines.
 15889 | D:9      | Found a roughly hewn altar of Beogh.
 16187 | D:9      | Found Pakk's Jewellery Shop.
 16187 | D:9      | You fall into a shaft and drop 1 floor!
 16187 | D:10     | Entered Level 10 of the Dungeon
 16197 | D:10     | Noticed a two-headed ogre
 16211 | D:10     | HP: 1/68 [two-headed ogre/+0 giant club (11)]
 16226 | D:10     | Killed a two-headed ogre
 16226 | D:10     | Reached skill level 5 in Evocations
 16295 | D:10     | Reached skill level 5 in Hexes
 17140 | D:10     | Noticed a deep elf mage
 17818 | D:10     | Noticed a gargoyle
 17844 | D:10     | Noticed an oklob plant
 17864 | D:10     | Received a gift from Okawaru
 18432 | D:10     | Reached XP level 11. HP: 49/75 MP: 11/17
 18839 | D:10     | Killed an unseen horror
 19295 | D:11     | Found a gate leading to a gauntlet.
 19307 | Gauntlet | Entered a Gauntlet
 19307 | Gauntlet | Found a transporter.
 19307 | Gauntlet | Found a transporter.
 19323 | Gauntlet | Found a transporter.
 19327 | Gauntlet | Found a transporter.
 19335 | Gauntlet | Found a transporter.
 19340 | Gauntlet | Found a transporter.
 19347 | Gauntlet | Found a transporter.
 19364 | Gauntlet | Noticed a moth of wrath
 19367 | Gauntlet | Found a transporter.
 19385 | Gauntlet | Found a transporter.
 19389 | Gauntlet | Found a transporter.
 19389 | Gauntlet | Noticed a death ooze
 19397 | Gauntlet | Found a transporter.
 19401 | Gauntlet | Found a transporter.
 19773 | Gauntlet | Got a brightly glowing lapis lazuli ring
 19789 | Gauntlet | Got a transparent platinum ring
 19905 | Gauntlet | Identified the +9 hunting sling of the Apocalypse {venom,
                  | rF- Str+3 Stlth+}
 19905 | Gauntlet | Noticed a minotaur
 20417 | Gauntlet | Killed a minotaur
 21047 | D:11     | Noticed a seven-headed hydra
 21145 | D:11     | Identified the ring of Bodily Harmony {rN+ Stlth+} (You
                  | found it in a Gauntlet)
 21175 | D:11     | Noticed Fannar
 21217 | D:11     | Killed Fannar
 21764 | D:10     | Killed a deep elf mage
 21764 | D:10     | Reached ****** piety under Okawaru
 21764 | D:10     | Received a gift from Okawaru
 22021 | D:11     | Identified Yskomif's Volume of Dusty Transmutation
 22062 | D:11     | Noticed Maurice
 22090 | D:11     | Killed Maurice
 22144 | D:11     | Noticed Erolcha
 22159 | D:11     | Killed Erolcha
 22573 | D:10     | Found a staircase to the Lair.
 22642 | D:11     | HP: 3/96 [something (6)]
 22643 | D:11     | Slain by an unseen horror

Levels and vault maps discovered:
D:1:      dpeg_arrival_signposts, layout_basic
D:2:      layout_rooms, grunt_temple_overflow_cloverleaf, first_ration
D:3:      layout_loops_ring, chequers_serial_rivers_marsh, uniq_grinder
D:4:      layout_basic, minmay_temple_entry_nine_rooms, serial_shops,
          nicolae_shop_stone, nicolae_shop_stone, minivault_14, minivault_27,
          nicolae_dithmenos_the_darkroom, uniq_robin
D:5:      layout_loops_corners, gammafunk_ghost_hive, serial_shops,
          nicolae_shop_stone, portal_sewer_entry_e
D:6:      layout_rooms, serial_glass, glass_columns_a, glass_columns_b,
          glass_columns_a, glass_columns_b, minmay_strange_pillars,
          due_unseen_surprise, minmay_strange_pillars, feat_on_display,
          kennysheep_small_circle, uniq_sigmund
D:7:      layout_loops_ring, roderic_lattice_a, the_bakery,
          minmay_misc_feat_hallway
D:8:      layout_rooms
D:9:      layout_rooms, minmay_orc_entry_temple_large, serial_shops, shop, shop,
          shop
D:10:     minmay_opposing_rooms, layout_long_grid, dpeg_oklobed_lair
D:11:     layout_basic, gauntlet_entry_generic, uniq_fannar, uniq_maurice,
          uniq_snorg, uniq_erolcha
Temple:   dpeg_five_rooms_temple

Skill      XL: |  1  2  3  4  5  6  7  8  9 10 11 |
---------------+----------------------------------+-----
Stealth        | 2 3 5 |  5.1
Poison Magic   | 2 3 |  3.0
Transmutations | 3 4 5 6 9 |  9.1
Shields        | 2 3 4 |  4.0
Fighting       | 2 5 7 9 |  9.4
Spellcasting   | 3 4 |  4.1
Ice Magic      | 3 5 |  5.0
Dodging        | 5 |  5.2
Unarmed Combat | 5 |  5.1
Hexes          | 2 5 |  5.1
Evocations     | 2 5 |  5.3

Action                   |  1- 3 |  4- 6 |  7- 9 | 10-12 || total
-------------------------+-------+-------+-------+-------++-------
Melee: Unarmed           |    93 |   133 |   366 |   400 ||   992
       Tentacles         |    13 |     6 |    29 |    37 ||    85
       Constrict         |    23 |    18 |    40 |    25 ||   106
       Punch             |     2 |       |     6 |     7 ||    15
       Kick              |     1 |    11 |    27 |    14 ||    53
Throw: Stone             |       |     9 |    21 |    20 ||    50
       Dart              |       |       |     4 |     1 ||     5
 Cast: Beastly Appendage |     3 |    10 |    26 |    17 ||    56
       Spider Form       |     3 |    12 |    28 |    21 ||    64
       Sticks to Snakes  |     2 |     8 |    44 |    52 ||   106
       Ice Form          |       |       |     3 |    19 ||    22
       Confuse           |       |       |       |    19 ||    19
Invok: Heroism           |       |       |     3 |     3 ||     6
 Abil: End Transformatio |     1 |       |     3 |     5 ||     9
Evoke: Wand              |       |       |    10 |     9 ||    19
       Lamp of fire      |       |       |       |     1 ||     1
  Use: Scroll            |     5 |     2 |     7 |     8 ||    22
       Potion            |       |     2 |     2 |    10 ||    14
 Stab: Sleeping          |    10 |     4 |     5 |     3 ||    22
       Distracted        |       |       |     1 |     3 ||     4
       Confused          |       |       |     2 |    12 ||    14
       Paralysed         |       |       |       |     7 ||     7
  Eat: Chunk             |     5 |    10 |     9 |    16 ||    40
       Ration            |       |     2 |     6 |     6 ||    14
Armor: Skin              |     6 |     4 |    83 |    52 ||   145
Dodge: Dodged            |    45 |    84 |   277 |   304 ||   710
Block: Buckler           |       |       |       |    14 ||    14
